[Event "Early-Titled-Tuesday-Blitz-January-30-2024"]
[Site "Chess.com"]
[Date "2024.01.30"]
[Round "9"]
[White "wannabe2700"]
[Black "the_chess_child"]
[Result "1-0"]
[WhiteElo "2667"]
[BlackElo "2874"]
[TimeControl "180+1"]
[EndTime "9:49:39 PST"]
[Termination "wannabe2700 won on time"]

1. b3 Nf6 2. Bb2 g6 3. Nf3 Bg7 4. g3 O-O 5. Bg2 c5 6. c4 d6 7. d4 cxd4 8. Nxd4 d5 9. cxd5 Nxd5 10. O-O Nb4 11. e3 e5 12. Nb5 Qb6 13. N1c3 a6 14.
Nd6 Be6 15. Na4 Qa7 16. Nxb7 N8c6 17. a3 Qxb7 18. axb4 Rfd8 19. Qc1 Bd5 20. Nc5 Qxb4 21. e4 Bxb3 22. Ba3 Qb5 23. Nxb3 Rac8 24. Qb1 Qe2 25.
Re1 Qg4 26. h3 Qg5 27. Bc5 Nd4 28. Bxd4 exd4 29. Rxa6 d3 30. Ra5 Qf6 31. Rd5 Rxd5 32. exd5 Rc3 33. Rd1 Qf5 34. g4 Qf4 35. Rxd3 Rc8 36.
Rd1 Be5 37. Qd3 Rc3 38. Qb5 Qh2+ 39. Kf1 Kg7 40. Nd2 Rc2 41. Qd3 Rc3 42. Qe2 Qf4 43. Ne4 Rc8 44. d6 Rd8 45. d7 Qh2 46. Qf3 Bc7 47.
Qf6+ Kg8 48. Nd6 Rf8 49. Ne8 Be5 50. Qe7 Qf4 51. d8=Q 1-0

[Event "Early-Titled-Tuesday-Blitz-January-30-2024"]
[Site "Chess.com"]
[Date "2024.01.30"]
[Round "9"]
[White "Witik"]
[Black "bulletteemo"]
[Result "1/2-1/2"]
[WhiteElo "2662"]
[BlackElo "2527"]
[TimeControl "180+1"]
[EndTime "9:49:40 PST"]
[Termination "Game drawn - insufficient material"]

1. d4 g6 2. e4 Bg7 3. Nf3 d6 4. Bc4 Nf6 5. Qe2 c6 6. Bb3 O-O 7. O-O Bg4 8. Nbd2 Nbd7 9. h3 Bxf3 10. Nxf3 e5 11. dxe5 dxe5 12. a4 Qc7 13. c3 Nc5 14.
Bc2 Ne6 15. g3 Nd7 16. b4 Kh8 17. Bb3 Rae8 18. h4 f5 19. h5 fxe4 20. Nd2 Ng5 21.
Nxe4 Nxe4 22. h6 Nd6 23. hxg7+ Kxg7 24. Kg2 Nf6 25. Rh1 Nf5 26. Bg5 h5 27. Rad1 e4 28. Bf4 Qe7 29. Rhe1 Ng4 30. Bc2 g5 31. Bc1 e3 32. Bxf5 Rxf5 33. Bxe3 Nxe3+ 34. Qxe3 Qxe3 35. Rxe3 Rxe3 36. fxe3 Kf6 37. Rd7 a5 38. Rxb7 Re5 39.
Rb6 Rxe3 40. Rxc6+ Ke7 41. bxa5 Kd7 42. Rc5 h4 43. Rxg5 hxg3 44. Rxg3 Re5 45. Rg4 Rxa5 46. Rb4 Kc6 47. Kf3 Re5 48. Kf4 Re1 49. Rc4+ Kd5 50. Rd4+ Kc5 51. Re4 Rc1 52. Re5+ Kc4 53. Re8 Ra1 54.
Rc8+ Kb3 55. Rb8+ Kxc3 56. Rc8+ Kb4 57. Ra8 Rxa4 58. Rxa4+ Kxa4 1/2-1/2

[Event "Early-Titled-Tuesday-Blitz-January-30-2024"]
[Site "Chess.com"]
[Date "2024.01.30"]
[Round "9"]
[White "themind1hunter"]
[Black "LaPiToB"]
[Result "1-0"]
[WhiteElo "2544"]
[BlackElo "2306"]
[TimeControl "180+1"]
[EndTime "9:49:40 PST"]
[Termination "themind1hunter won by resignation"]

1. e4 c6 2. d4 d5 3. Nc3 dxe4 4. Nxe4 Nf6 5. Nxf6+ exf6 6. Bc4 Bd6 7. Qe2+ Be7 8. Nf3 O-O 9. O-O Nd7 10. Re1 Bd6 11. Bd3 Nb6 12. h3 Nd5 13. c4 Nb4 14. Bb1 Bd7 15.
a3 Re8 16. Be3 Na6 17. Qd3 g6 18. Qd2 Qc8 19. Bd3 Nc7 20. Re2 Bxh3 21. c5 Qg4 22. Ne1 Bf8 23. f3 Qd7 24. gxh3 Qxh3 25. Rh2 Qe6 26.
Ng2 Nd5 27. Bf2 Bg7 28. Nf4 Nxf4 29. Qxf4 f5 30. Kh1 Qb3 31. Qd2 Rad8 32. Qc3 Qd5 33. Bc4 Qd7 34. Rd1 Re7 35. Qd3 Rde8 36. Bg1 f4 37. d5 cxd5 38. Bxd5 Qc7 39. b4 a5 40. Qb3 axb4 41. axb4 Qe5 42. Bd4 Qg5 43.
Bxg7 Kxg7 44. Qc3+ f6 45. Be4 h5 46. Rg2 Qh4+ 47.
Kg1 g5 48. Rd6 Re6 49. Rxe6 Rxe6 50. Qd2 Re7 51. Qf2 Qxf2+ 52. Kxf2 Kf7 53. Rg1 Ke6 54. Rd1 f5 55. Rd6+ Ke5 56. Rd5+ Kf6 57. Rxf5+ Kg6 58. Re5+ Kf6 59. Rxe7 Kxe7 60. Bxb7 1-0

[Event "Early-Titled-Tuesday-Blitz-January-30-2024"]
[Site "Chess.com"]
[Date "2024.01.30"]
[Round "9"]
[White "IwkooO"]
[Black "Legendinunknown"]
[Result "1-0"]
[WhiteElo "2687"]
[BlackElo "2832"]
[TimeControl "180+1"]
[EndTime "9:49:41 PST"]
[Termination "IwkooO won on time"]

1. e4 e5 2. Nf3 Nc6 3. Bb5 a6 4.
Ba4 d6 5. c3 f5 6. exf5 Bxf5 7. d4 e4 8. Bg5 Be7 9. Nh4 Be6 10.
Bxe7 Qxe7 11. g3 d5 12. Nd2 Nf6 13. Nf1 Bg4 14. Bxc6+ bxc6 15. Qa4 Qd7 16. Ne3 g5 17. Nxg4 Nxg4 18. Ng2 O-O 19. O-O Rf3 20. Ne3 Nxe3 21. fxe3 Raf8 22. Qxa6 Qf5 23. Qe2 g4 24. a4 Qg5 25.
Rae1 h5 26. a5 h4 27. gxh4 Qxh4 28. Rxf3 gxf3 29. Qf2 Qxf2+ 30. Kxf2 Kf7 31. a6 Rb8 32. b4 Ra8 33. Ra1 Ra7 34. Kg3 Kg6 35. Ra2 Kg5 36. Ra5 Kf6 37. Kf2 Ke6 38. Kg3 Kf6 39. h4 Kg6 40. Ra2 Kf5 41. Ra5 Kg6 42. Kh3 Kh6 43. Ra1 Kg6 44. Kg4 Kh6 45. Ra2 Kg6 46. h5+ Kf6 47.
Kh4 Kf5 48. Ra1 Kf6 49. Kg4 Kg7 50. Kg5 Kh7 51. Ra2 Kg7 52. Ra1 Kh7 53. h6 Ra8 54. a7 Rg8+ 55. Kh5 Ra8 56. Ra2 1-0

[Event "Early-Titled-Tuesday-Blitz-January-30-2024"]
[Site "Chess.com"]
[Date "2024.01.30"]
[Round "9"]
[White "Chesstiger64"]
[Black "Mohamed-almado"]
[Result "1-0"]
[WhiteElo "2247"]
[BlackElo "2219"]
[TimeControl "180+1"]
[EndTime "9:49:42 PST"]
[Termination "Chesstiger64 won by resignation"]

1. d4 d5 2. Nf3 c6 3. Bf4 Qb6 4.
Qc1 Bf5 5. e3 e6 6. Nbd2 h6 7. c4 Nf6 8. c5 Qd8 9. h3 Be7 10. g4 Bh7 11. Be2 Ne4 12. Nxe4 Bxe4 13. O-O O-O 14. Qd2 Nd7 15. Ne5 Nxe5 16. Bxe5 f6 17. Bg3 f5 18. f3 f4 19. Bxf4 Bh7 20.
Bd3 Bxd3 21. Qxd3 Bg5 22. Bd6 Be7 23. Bxe7 Qxe7 24. f4 g5 25. Kg2 Kg7 26. fxg5 hxg5 27. Rxf8 Rxf8 28. Rf1 Rxf1 29. Kxf1 e5 30. Qf5 exd4 31.
exd4 Qe3 32. Kg2 Qd2+ 33. Qf2 Qd3 34. b4 Qe4+ 35. Kh2 b6 36. cxb6 axb6 37. a4 Qb1 38.
Qd2 Qa1 39. Qxg5+ Kf7 40. Qf5+ Ke7 41. Qh7+ Ke6 42. Qg6+ Kd7 43. Qf5+ Kd6 44. Qf6+ Kd7 45. Qf7+ Kd6 46. b5 cxb5 47. Qf8+ Kd7 48. Qg7+ Kd6 49. axb5 Qb2+ 50. Kg3 Qxb5 51. Qe5+ Kd7 52. g5 Qd3+ 53. Kg4 Qd1+ 54. Kh4 Kc6 55. Qe6+ Kc7 56. Qxd5 Qe1+ 57. Kh5 Qe2+ 58. Kh6 b5 59. g6 Qd2+ 60. Kh7 b4 61.
g7 Qc2+ 62. Kh8 b3 63. g8=Q b2 64. Qgf7+ Kb6 65. Qfe6+ Ka7 66. Qdd7+ Kb8 67. Qee8+ 1-0

[Event "Early-Titled-Tuesday-Blitz-January-30-2024"]
[Site "Chess.com"]
[Date "2024.01.30"]
[Round "9"]
[White "vishwa_vijeta"]
[Black "Licancabur"]
[Result "1-0"]
[WhiteElo "2547"]
[BlackElo "2426"]
[TimeControl "180+1"]
[EndTime "9:49:45 PST"]
[Termination "vishwa_vijeta won on time"]

1. e4 Nf6 2. e5 Nd5 3. Nf3 d6 4. Nc3 Nxc3 5. dxc3 Nc6 6. exd6 cxd6 7. Bc4 e6 8. O-O Be7 9. Re1 O-O 10. Bd3 d5 11. h4 Bxh4 12. g3 Bf6 13. Kg2 e5 14. c4 e4 15.
cxd5 exf3+ 16. Qxf3 Nd4 17. Bxh7+ Kxh7 18. Qh5+ Kg8 19.
Rh1 Qxd5+ 20. Qxd5 Bf5 21. g4 Bxg4 22. Be3 Bf3+ 23.
Qxf3 Nxf3 24. Kxf3 Rac8 25. c3 b6 26. Rh3 Rfe8 27.
Rah1 g6 28. Ke2 Bg7 29. Rf3 Rcd8 30. Rd1 Rxd1 31. Kxd1 f5 32. Kc2 Kf7 33. c4 Re4 34. b3 Bf6 35. Rf4 Re6 36. c5 bxc5 37. Ra4 Re7 38. Bxc5 Rc7 39. Rxa7 Rxa7 40. Bxa7 Ke6 41. a4 Kd5 42. a5 Kc6 43. b4 Kb5 44. Kb3 g5 45.
Bc5 g4 46. Kc2 Bh4 47. Kd3 f4 48. Ke4 g3 49. f3 Bg5 50. Kf5 Bh6 51. Kg6 g2 52.
Kxh6 1-0

[Event "Early-Titled-Tuesday-Blitz-January-30-2024"]
[Site "Chess.com"]
[Date "2024.01.30"]
[Round "9"]
[White "VincentKeymer"]
[Black "JimDiGrease"]
[Result "0-1"]
[WhiteElo "3055"]
[BlackElo "2963"]
[TimeControl "180+1"]
[EndTime "9:49:48 PST"]
[Termination "JimDiGrease won on time"]

1. Nf3 d5 2. e3 Nf6 3. c4 e6 4. Nc3 c5 5. cxd5 exd5 6. Bb5+ Nc6 7. Ne5 Qc7 8. Qa4 Bd7 9. Nxd7 Qxd7 10. Bxc6 bxc6 11.
O-O Bd6 12. b3 O-O 13. Ba3 Rfe8 14. Qa5 d4 15. Na4 Ne4 16. d3 Ng5 17. e4 Nf3+ 18.
Kh1 Nxh2 19. f4 Nxf1 20. Rxf1 Qg4 21. e5 Re6 22. Qe1 f6 23. Qe4 fxe5 24. f5 Rh6+ 25. Kg1 Qg3 26. Bxc5 Qh2+ 27. Kf2 Rf8 28. Ke2 Rh4 29.
Qxc6 Bxc5 30. Nxc5 Rf4 31. Rxf4 Qxf4 32. Ne6 Qe3+ 33.
Kd1 Qxd3+ 34. Kc1 Qxf5 35. Nxf8 Kxf8 36. Qa8+ Kf7 37. Qxa7+ Kg6 38. Qa6+ Kg5 39. a4 e4 40. Qd6 Qf1+ 41. Kb2 Qe2+ 42. Ka3 d3 43. Qe5+ Kh6 44.
Qh2+ Kg6 45. Qd6+ Kf5 46. Qf8+ Ke5 47. Qxg7+ Kf4 48. Qh6+ Kg3 49. Qg5+ Kf2 50. Qf4+ Kxg2 51. Qg5+ Kf1 52. Qf4+ Qf3 53. Qc1+ Ke2 54. Qc4 e3 55. a5 Qf8+ 56. Ka2 Kd2 57. Kb2 Qf2 58. a6 Ke1+ 59.
Ka3 d2 0-1

[Event "Early-Titled-Tuesday-Blitz-January-30-2024"]
[Site "Chess.com"]
[Date "2024.01.30"]
[Round "9"]
[White "Gabrielian_Artur"]
[Black "Binary010"]
[Result "1/2-1/2"]
[WhiteElo "2786"]
[BlackElo "2914"]
[TimeControl "180+1"]
[EndTime "9:49:49 PST"]
[Termination "Game drawn by stalemate"]

1. e4 c5 2. Nf3 d6 3. d4 cxd4 4.
Nxd4 Nf6 5. Nc3 a6 6. Bc4 e6 7. Be3 b5 8. Bb3 Be7 9. f3 O-O 10. Qd2 Bd7 11. g4 Nc6 12. g5 Nxd4 13. Qxd4 Nh5 14.
Rg1 Rc8 15. O-O-O a5 16. a3 Qc7 17. Qb6 Qxb6 18. Bxb6 a4 19. Ba2 Nf4 20. Be3 Ng6 21. f4 Bc6 22. f5 exf5 23. exf5 Ne5 24. g6 Nc4 25. gxh7+ Kxh7 26. Bd4 g6 27. Rd3 Ne5 28. Rh3+ Kg7 29. Rhg3 Bh4 30. Rh3 Bf6 31. fxg6 fxg6 32. Rhg3 g5 33. h4 Nf3 34. Bxf6+ Rxf6 35. hxg5 Rf5 36.
Rd1 Rd8 37. g6 Ne5 38. Be6 Rf3 39. Rxf3 Bxf3 40. Rd4 Bc6 41. Bd5 Bd7 42. Ne4 Bf5 43. Nc3 Bxg6 44. Nxb5 Rc8 45. c4 Nd3+ 46. Kd2 Nxb2 47.
Nxd6 Rb8 48. c5 Kf6 49. c6 Ke5 50. c7 Rh8 51. Rb4 Kxd6 52. Rxb2 Rc8 53. Bf3 Kxc7 54. Rc2+ Kd8 55. Rxc8+ Kxc8 56. Kc3 Be8 57. Kb4 Kc7 58.
Be2 Kb6 59. Bd1 Bd7 60. Bxa4 Bxa4 61. Kxa4 Ka6 62. Kb4 Kb6 63. a4 Ka6 64. a5 Ka7 65. Kb5 Kb7 66. a6+ Ka7 67. Ka5 Ka8 68. Kb6 Kb8 69. a7+ Ka8 70. Ka6 1/2-1/2

[Event "Early-Titled-Tuesday-Blitz-January-30-2024"]
[Site "Chess.com"]
[Date "2024.01.30"]
[Round "9"]
[White "deribas12345"]
[Black "Matols"]
[Result "1/2-1/2"]
[WhiteElo "2503"]
[BlackElo "2398"]
[TimeControl "180+1"]
[EndTime "9:49:49 PST"]
[Termination "Game drawn by repetition"]

1. d4 d5 2. c4 e6 3. Nc3 Nf6 4. cxd5 exd5 5. Bg5 Be7 6. e3 c6 7. Bd3 Nbd7 8. Nge2 Nh5 9. Bxe7 Qxe7 10. O-O O-O 11. Qc2 g6 12. e4 dxe4 13. Nxe4 Ndf6 14. N4c3 Be6 15. Rfe1 Qd6 16. Rad1 Rad8 17. h3 Rfe8 18.
Qa4 Bd5 19. Qxa7 b5 20. Qc5 Qb8 21. Nxd5 Nxd5 22. Nc3 Nxc3 23. bxc3 Nf4 24. Bf1 Qa8 25. a3 h5 26. c4 bxc4 27. Bxc4 Kg7 28. Qg5 Nd5 29. Qg3 Rxe1+ 30. Rxe1 Qa4 31. Qb3 Qa5 32. Rc1 Re8 33. Bf1 Re1 34. Rxe1 Qxe1 35. g3 Nc3 36.
Qc4 Ne4 37. Qe2 Qb1 38. Kg2 f5 39. a4 Qa1 40. Qc4 Nd2 41. Qd3 Nxf1 42. Qxf1 Qxd4 43. Qa6 Qd5+ 44. Kh2 Qf3 45. Qa7+ Kh6 46. Qe3+ Qxe3 47. fxe3 c5 48. a5 c4 49. a6 c3 50. a7 c2 51. a8=Q c1=Q 52. Qh8+ Kg5 53. h4+ Kg4 54.
Qd4+ Kf3 55. Qf4+ Ke2 56. Qg5 Qxe3 57. Qxg6 Qf2+ 58. Kh3 Qf1+ 59. Kh2 Qf2+ 60. Kh3 Qf1+ 61. Kh2 Qf2+ 1/2-1/2

[Event "Early-Titled-Tuesday-Blitz-January-30-2024"]
[Site "Chess.com"]
[Date "2024.01.30"]
[Round "9"]
[White "Chernobay_Artem"]
[Black "GMWSO"]
[Result "0-1"]
[WhiteElo "2661"]
[BlackElo "3125"]
[TimeControl "180+1"]
[EndTime "9:49:50 PST"]
[Termination "GMWSO won by resignation"]

1. d4 d5 2. c4 c6 3. Nf3 Nf6 4.
Nc3 a6 5. c5 Bf5 6. Bf4 Nbd7 7.
e3 Nh5 8. Bg5 h6 9. Bh4 g5 10. Bg3 Bg7 11. Bd3 Bxd3 12. Qxd3 Nxg3 13. hxg3 e5 14. Qf5 Qe7 15. O-O Qe6 16. Qc2 e4 17.
Nd2 h5 18. f3 h4 19. gxh4 exf3 20. Nxf3 g4 21. Ne5 Nxe5 22. dxe5 Rxh4 23. Qf5 Bxe5 24.
Qg5 Rh8 25. Rf5 f6 26. Qg6+ Ke7 27. Qg7+ Qf7 28. Rxe5+ fxe5 29. Qxe5+ Kd7 30. Qd6+ Ke8 31.
Rf1 Rh1+ 32. Kxh1 Qxf1+ 33. Kh2 Qf5 34. Ne2 g3+ 35. Nxg3 Qh7+ 36. Kg1 Qe7 37. Qg6+ Kd7 38. Nf5 Qxc5 39. Qf7+ Kc8 40. Qe8+ Kc7 41. Qxa8 Qc1+ 42.
Kh2 Qxb2 43. Qe8 Qxa2 44. Qe5+ Kb6 45. Qd4+ c5 46. Qf6+ Ka7 47. Kh3 a5 48. g4 a4 49.
Ne7 Qd2 50. Nc8+ Kb8 51. Nb6 Qxe3+ 52. Kh4 Qe1+ 53. Kh5 Qe8+ 54. Kh6 a3 55. Qd6+ Ka7 56.
Nd7 Qe3+ 57. Kg6 c4 58. Qc7 Qe6+ 59. Kg5 a2 60. Qa5+ Qa6 61. Qc5+ b6 62. Qc7+ Qb7 63. Qe5 Qxd7 64. Kh6 d4 65. g5 a1=Q 0-1

[Event "Early-Titled-Tuesday-Blitz-January-30-2024"]
[Site "Chess.com"]
[Date "2024.01.30"]
[Round "9"]
[White "CaspiIsrael"]
[Black "zverr1"]
[Result "0-1"]
[WhiteElo "2743"]
[BlackElo "2588"]
[TimeControl "180+1"]
[EndTime "9:49:51 PST"]
[Termination "zverr1 won by resignation"]

1. e4 c5 2. Nf3 Nc6 3. d4 cxd4 4.
Nxd4 Nf6 5. Nc3 e5 6. Ndb5 d6 7. Bg5 a6 8. Na3 b5 9. Nd5 Be7 10. Bxf6 Bxf6 11. c4 b4 12. Nc2 O-O 13. Be2 Be6 14.
O-O Bg5 15. b3 Qa5 16. a3 bxa3 17. Rxa3 Qd8 18. Qd3 f5 19. Bf3 Qb8 20. exf5 Bxf5 21.
Be4 g6 22. g3 Qa7 23. Kg2 Rf7 24. Nce3 Nd4 25. Rfa1 Raf8 26. Bxf5 Nxf5 27. Nd1 Qd4 28. Qxd4 Nxd4 29. Rb1 Rf3 30. h4 Bh6 31. Rxa6 Nxb3 32. Rxd6 Nd2 33. Rb4 Ne4 34. Rb2 Nxd6 35. Rc2 Rd3 36. Ne7+ Kf7 37. Nc6 Ke6 38. Nb2 Rd2 39.
Rxd2 Bxd2 40. Nd3 Bc3 41. Nc5+ Kf7 42. Nd7 Rc8 43. Ndxe5+ Bxe5 44. Nxe5+ Ke6 45. Nf3 h6 46. Nd4+ Kd7 47. Nf3 Nxc4 48. g4 Ke6 49. Kg3 Ne5 50. Nd4+ Kd5 51. Ne2 g5 52. hxg5 hxg5 53. f4 gxf4+ 54.
Nxf4+ Ke4 55. Nh5 Rc3+ 56. Kh4 Nf3+ 57. Kg3 Ke5 58. Kf2 Ng5 59. Kg2 Rd3 60. Kf2 Ra3 61. Kg2 Ne4 62. Kh2 Nf6 63. Nxf6 Kxf6 64. Kg2 Kg5 65.
Kh2 Kxg4 0-1

[Event "Early-Titled-Tuesday-Blitz-January-30-2024"]
[Site "Chess.com"]
[Date "2024.01.30"]
[Round "9"]
[White "sergeikim"]
[Black "claudyna16"]
[Result "1-0"]
[WhiteElo "2588"]
[BlackElo "2394"]
[TimeControl "180+1"]
[EndTime "9:49:52 PST"]
[Termination "sergeikim won by resignation"]

1. d4 Nf6 2. c4 g6 3. Nc3 Bg7 4. e4 O-O 5. Nge2 d6 6. Ng3 e5 7. d5 a5 8. Be2 Na6 9. O-O Nc5 10. Be3 h5 11. Bg5 Qd7 12. Qd2 Nh7 13. Be3 h4 14. Nh1 b6 15. Rae1 f5 16. exf5 gxf5 17. f4 e4 18. Nf2 a4 19. Kh1 Qf7 20. Rg1 Qf6 21.
g4 fxg4 22. Nxg4 Bxg4 23. Rxg4 Kh8 24. Reg1 Rf7 25. Rg6 Qe7 26. Nb5 Rg8 27. Nd4 Nf8 28.
R6g5 Nh7 29. Rh5 Bf6 30. Rxg8+ Kxg8 31. Nf5 Qe8 32. Nh6+ Kh8 33. Nxf7+ Qxf7 34. Bd4 Qg7 35. Bxf6 Qxf6 36. Qe1 Qxb2 37. Qxh4 Qg7 38. Qg4 Qxg4 39. Bxg4 Kg7 40. Kg2 Nf6 41. Rg5+ Kf7 42. Be2 e3 43. Kf3 Nfe4 44. Kxe3 Nxg5 45. fxg5 Kg6 46. h4 Kf5 47.
Bd3+ Kg4 48. g6 Nd7 49. g7 Nf6 50. Bh7 Kxh4 51. g8=Q Nxg8 52. Bxg8 Kg5 53. Be6 Kf6 54. Kd4 Kg5 55. Bd7 Kf4 56. Bxa4 Kf3 57. Bb5 Kf4 58. a4 Kf3 59. Kd3 Kf4 60. Bc6 Kf3 61. Kd4 Kf4 62.
Kc3 Ke3 63. Kb4 Kd4 64. Kb5 Kc3 65. Bd7 Kd4 66. Bh3 Kc3 67. Bf1 Kb3 68. a5 bxa5 69. Kxa5 Kc3 70. Kb5 Kd4 71. Kc6 1-0

[Event "Early-Titled-Tuesday-Blitz-January-30-2024"]
[Site "Chess.com"]
[Date "2024.01.30"]
[Round "9"]
[White "mishanick"]
[Black "ViIIagra"]
[Result "1-0"]
[WhiteElo "3148"]
[BlackElo "2975"]
[TimeControl "180+1"]
[EndTime "9:49:53 PST"]
[Termination "mishanick won by resignation"]

1. d4 Nf6 2. c4 g6 3. Nc3 Bg7 4. e4 d6 5. Nf3 O-O 6. Be2 e5 7. Be3 Ng4 8. Bg5 f6 9. Bh4 Nh6 10. dxe5 dxe5 11. Qxd8 Rxd8 12. Nd5 Nd7 13. Nxc7 Rb8 14. Rd1 g5 15. Ne6 Re8 16. Nxg7 Kxg7 17. Bg3 Nf7 18. Nd2 Nc5 19. f3 Ne6 20. Bf2 Nf4 21. Bf1 b6 22. Nb1 g4 23. Be3 gxf3 24. gxf3 Ng5 25. Kf2 Ngh3+ 26. Ke1 Be6 27. Nc3 Ng5 28.
Bxf4 exf4 29. Kf2 Rbc8 30. b3 Red8 31. Nd5 Bxd5 32. exd5 Re8 33. Rd4 Re3 34. Rxf4 Rc3 35. h4 Rc2+ 36. Kg3 Nf7 37. Rh2 Rxh2 38. Kxh2 Nd6 39.
Kg3 f5 40. Rd4 Kf6 41. Rd2 Nf7 42. Re2 Ne5 43. f4 Rg8+ 44. Kf2 Nd3+ 45. Kf3 Nc5 46. Re5 Ne4 47. Bd3 Rg3+ 48. Ke2 Nc3+ 49. Kd2 Nxa2 50.
Rxf5+ Ke7 51. Rg5 Rh3 52. Rg7+ Kd6 53. Rxh7 Nb4 54. Bf5 a5 55. h5 Rxb3 56. h6 Rb2+ 57. Ke3 Rh2 58. Rd7+ Kc5 59. h7 a4 60. Rd8 a3 61. h8=Q Rxh8 62. Rxh8 Kxc4 63. Ra8 Nxd5+ 64. Kd2 Kb4 65. Bd7 Nxf4 66. Ra4+ Kb3 67. Rxf4 a2 68.
Be6+ 1-0

[Event "Early-Titled-Tuesday-Blitz-January-30-2024"]
[Site "Chess.com"]
[Date "2024.01.30"]
[Round "9"]
[White "CarlosjPineror"]
[Black "snowlord"]
[Result "0-1"]
[WhiteElo "2679"]
[BlackElo "2859"]
[TimeControl "180+1"]
[EndTime "9:49:53 PST"]
[Termination "snowlord won by resignation"]

1. e4 e6 2. d3 d5 3. Nd2 a5 4.
Ngf3 a4 5. a3 Nf6 6. g3 dxe4 7.
dxe4 Bc5 8. Bg2 Nc6 9. O-O e5 10.
Qe2 b6 11. Rd1 Ba6 12. Qe1 Ng4 13. Nf1 Bxf2+ 14. Qxf2 Qxd1 15. Qe1 Qxe1 16. Nxe1 O-O-O 17. Bf3 h5 18. h3 Nf6 19. Bg5 Rd6 20. Bh4 Nd4 21. Bg2 Nh7 22. Be7 Rd7 23. Bb4 Ng5 24. h4 Nge6 25. Kf2 g5 26. Ne3 gxh4 27. gxh4 Nf4 28.
Nf3 Nxf3 29. Bxf3 Rhd8 30. Nd5 Nxd5 31. exd5 Bc4 32. Bxh5 Kb8 33. d6 c5 34. Bc3 f6 35.
Bg6 Bf7 36. h5 Bxg6 37. hxg6 Rg7 38. Rg1 Rdg8 39. Kf3 Rxg6 40. Rd1 Kc8 41. Ke4 Kd7 42. Kd5 e4 43. Kxe4 Re8+ 44. Kf5 Rg5+ 45. Kxf6 Rg2 46.
Rh1 Rf2+ 47. Kg5 Rg8+ 48. Kh6 Kxd6 49. Kh7 Rgg2 50. Rh6+ Kc7 51. Re6 Rf1 52. Rh6 Re2 53. Bg7 Re7 54. Rg6 Rf2 55. c4 Rxb2 56. Kg8 Rb3 57.
Bf6 Re2 58. Rg7+ Kc6 59. Rg6 Re6 60. Kf7 Rbe3 61. Rg8 Rxf6+ 62. Kxf6 Rxa3 63. Ra8 Kb7 64. Re8 Rb3 65. Ke5 Rb4 66. Kd5 a3 67. Re7+ Ka6 68. Kc6 Rxc4 69. Re3 Ra4 70. Re8 Ka5 71. Ra8+ Kb4 72.
Rb8 a2 73. Rxb6+ Kc4 0-1

[Event "Early-Titled-Tuesday-Blitz-January-30-2024"]
[Site "Chess.com"]
[Date "2024.01.30"]
[Round "9"]
[White "Mackster23"]
[Black "ChessLebaneseSalah"]
[Result "1-0"]
[WhiteElo "2657"]
[BlackElo "2466"]
[TimeControl "180+1"]
[EndTime "9:49:53 PST"]
[Termination "Mackster23 won by resignation"]

1. e4 c5 2. Nf3 d6 3. d4 cxd4 4.
Nxd4 Nf6 5. Nc3 Nc6 6. Bg5 e6 7. Qd2 a6 8. O-O-O Bd7 9. Kb1 Be7 10. Nxc6 Bxc6 11. f3 b5 12. h4 Qc7 13. h5 h6 14.
Be3 d5 15. exd5 Nxd5 16. Nxd5 Bxd5 17. Bd3 Bf6 18. Be4 O-O-O 19. Qf2 Bxe4 20. fxe4 Qe5 21. c3 Qxe4+ 22. Ka1 Kb7 23. Bb6 Rd3 24. Rhe1 Qd5 25. Rxd3 Qxd3 26. Bd4 Rd8 27. a3 Rxd4 28. cxd4 Qxd4 29.
Qc2 Qd6 30. Kb1 Qc6 31. Rd1 Qxc2+ 32. Kxc2 Kc6 33. b3 a5 34. a4 bxa4 35. bxa4 Be5 36. Kb3 f5 37. Kc4 Bf6 38. Rf1 Be5 39. Re1 Kd6 40.
Re3 f4 41. Re4 Bf6 42. Rxf4 e5 43. Re4 Ke6 44. Kb5 Kf5 45. Re2 Bd8 46. Kc5 Kg5 47. Rxe5+ Kg4 48. Kd5 Kg3 49. Re2 Kh4 50. Ke6 Kxh5 51.
Kd7 Bf6 52. Ke6 Kg5 53. Kd5 h5 54. Ke4 Kg4 55. Ke3 h4 56. Kf2 g5 57. Re4+ Kf5 58.
Kf3 Be5 59. Rc4 Bf4 60. Rc5+ Kg6 61. Rxa5 Kh5 62. Rd5 Bd2 63. a5 Bb4 64. a6 Bc3 65. a7 Bd4 66. a8=Q Bg7 67. Qe8+ 1-0

[Event "Early-Titled-Tuesday-Blitz-January-30-2024"]
[Site "Chess.com"]
[Date "2024.01.30"]
[Round "9"]
[White "IlanSchnaider"]
[Black "stollenmonster"]
[Result "1-0"]
[WhiteElo "2671"]
[BlackElo "2882"]
[TimeControl "180+1"]
[EndTime "9:49:57 PST"]
[Termination "IlanSchnaider won by resignation"]

1. d4 Nf6 2. c4 e6 3. Nf3 d5 4. g3 Be7 5. Bg2 O-O 6. O-O Ne4 7.
Qc2 f5 8. Nc3 c6 9. Ne5 Nd7 10.
Nxd7 Bxd7 11. Bf4 Be8 12. f3 Nd6 13. cxd5 exd5 14. Rfe1 Bf6 15. Rad1 Bg6 16. Qb3 Kh8 17. Kh1 Re8 18. Na4 b6 19. e3 Rc8 20. Qb4 Nc4 21. b3 Be7 22. Qc3 Nd6 23. Rc1 Qd7 24. Qd2 h6 25.
Nb2 Nf7 26. Nd3 Bh7 27. Bh3 g5 28. Be5+ Kg8 29. e4 dxe4 30. fxe4 g4 31. Bg2 Bg5 32. Qf2 fxe4 33. Nf4 Nxe5 34. dxe5 Rxe5 35. Rcd1 Qe7 36.
Qd4 e3 37. Re2 c5 38. Qc4+ Kh8 39. Qc3 Bf6 40. Qc4 Rd8 41. Rde1 Re4 42. Bxe4 Qxe4+ 43. Ng2 Bd4 44. Kg1 Qf3 45. Rf1 Rf8 46. Rxf3 gxf3 47. Nf4 Be4 48. Rxe3 Bxe3+ 49. Kf1 Bd4 50. Ne6 Bf5 51.
Nxd4 Bh3+ 52. Kf2 cxd4 53. Qxd4+ Kg8 54. Qd5+ Kg7 55. Qe5+ Kg8 56. Qh5 Bf5 57. Qxh6 Bh7 58. Qg5+ Kh8 59. h4 Re8 60. Kxf3 Be4+ 61. Kf2 Bh7 62.
Qf6+ Kg8 63. Qg5+ Kh8 64. h5 Rf8+ 65. Kg2 Rg8 66. Qf6+ 1-0

[Event "Early-Titled-Tuesday-Blitz-January-30-2024"]
[Site "Chess.com"]
[Date "2024.01.30"]
[Round "9"]
[White "scarabee43"]
[Black "NovozhilovSemen"]
[Result "1-0"]
[WhiteElo "2845"]
[BlackElo "2668"]
[TimeControl "180+1"]
[EndTime "9:49:58 PST"]
[Termination "scarabee43 won by resignation"]

1. Nf3 Nf6 2. c4 c5 3. Nc3 e6 4.
e3 d5 5. d4 Nc6 6. cxd5 exd5 7. b3 cxd4 8. Nxd4 Bb4 9. Bd2 Nxd4 10. exd4 O-O 11. Be2 Qa5 12. Rc1 Bf5 13. a3 Qxa3 14. Ra1 Bc2 15. Rxa3 Bxd1 16. Ra4 Bxc3 17. Bxc3 Bxe2 18.
Kxe2 Ne4 19. Be1 Rfe8 20. Kd3 b6 21. f3 Nd6 22. Bf2 Nb5 23. Rc1 Rac8 24. Raa1 f6 25. g4 Kf7 26. Bg3 Ke6 27. h4 h6 28. Bf4 Kd7 29.
Bd2 Rxc1 30. Rxc1 a5 31. Rg1 Na7 32. g5 hxg5 33. hxg5 Nc6 34. gxf6 gxf6 35. Rg6 Ke6 36. Bg5 Rf8 37. Bh6 Rf7 38. Rg8 Ra7 39. Rc8 Kd7 40. Rf8 Ke7 41. Rc8 Nb4+ 42. Kd2 Kd7 43. Rg8 Kc6 44.
Rf8 a4 45. Rxf6+ Kb5 46. bxa4+ Rxa4 47. Bf4 Ra2+ 48. Ke3 Ra3+ 49. Ke2 Nc6 50. Be3 Ra2+ 51. Kf1 Na5 52. f4 Nc4 53. Re6 Ka4 54. f5 Ra1+ 55. Kf2 Ra2+ 56. Kf3 Ra1 57. Bf2 Rf1 58. f6 Rh1 59. f7 Rh8 60. Re8 Rh3+ 61. Kg2 Rh6 62. f8=Q Rg6+ 63. Kf1 Nd2+ 64. Ke2 Ne4 65. Ra8+ Kb3 66.
Qa3+ Kc4 67. Rc8+ Kb5 68. Qb3+ Ka6 69. Qxd5 Nc3+ 70. Rxc3 1-0

[Event "Early-Titled-Tuesday-Blitz-January-30-2024"]
[Site "Chess.com"]
[Date "2024.01.30"]
[Round "9"]
[White "Shield12"]
[Black "DefiantChair"]
[Result "1-0"]
[WhiteElo "2977"]
[BlackElo "2587"]
[TimeControl "180+1"]
[EndTime "9:50:01 PST"]
[Termination "Shield12 won by checkmate"]

1. e4 c5 2. Nf3 d6 3. Nc3 Nf6 4. e5 dxe5 5. Nxe5 a6 6. g3 Qd6 7. Nf3 Nc6 8. Bg2 Bg4 9. O-O Nd4 10. d3 e6 11. Bf4 Qd7 12. Ne4 Be7 13. c3 Nxf3+ 14.
Bxf3 Bxf3 15. Qxf3 O-O 16. Rad1 Rad8 17. d4 Nxe4 18.
Qxe4 cxd4 19. Rxd4 Qb5 20. b3 Rxd4 21. Qxd4 Bf6 22.
Qd2 Rd8 23. Qc1 Qc6 24. c4 Rc8 25. Rd1 b5 26. cxb5 Qa8 27. Qd2 axb5 28. Qe2 h6 29. Be3 b4 30. Rc1 Rxc1+ 31. Bxc1 h5 32. h4 Qa5 33. Be3 Bc3 34. Kg2 Qd5+ 35. Kh2 Qa5 36. Bg5 e5 37. Qc2 f6 38. Be3 Qd5 39. a4 Bd4 40.
Qd3 Qc5 41. Bxd4 exd4 42. Kg2 Kf7 43. Qe4 Qc3 44. Qd5+ Kg6 45. a5 d3 46. a6 d2 47.
a7 Qc1 48. a8=Q d1=Q 49. Qe8+ Kh6 50. Qh8+ Kg6 51. Qe4+ Kf7 52. Qhe8# 1-0